 Dungeon Crawl Stone Soup version 0.23.2-1-ga50397a (webtiles) character file.

Game seed: 13240170152683285078

101 Gazerockf the Slasher (level 4, 0/42 HPs)
             Began as a Minotaur Berserker on May 5, 2019.
             Was a Believer of Trog.
             Killed from afar by an electric eel (12 damage)
             ... with a bolt of electricity
             ... on level 3 of the Dungeon.
             The game lasted 00:02:41 (1604 turns).

Gazerockf the Slasher (Minotaur Berserker)          Turns: 1604, Time: 00:02:41

Health: 0/42       AC:  2    Str: 21    XL:     4   Next: 48%
Magic:  3/3        EV: 12    Int:  4    God:    Trog [**....]
Gold:   54         SH:  0    Dex: 11    Spells: 3/3 levels left

rFire    . . .     SeeInvis +   o - +4 trident (venom)
rCold    . . .     Gourm    .   (no shield)
rNeg     . . .     Faith    .   b - +0 animal skin
rPois    .         Spirit   .   (helmet restricted)
rElec    .         Reflect  .   (no cloak)
rCorr    .         Harm     .   (no gloves)
MR       .....                  (no boots)
Stlth    +.........             (no amulet)
HPRegen  0.14/turn              h - ring of see invisible
MPRegen  0.08/turn              (no ring)

@: no status effects
A: retaliatory headbutt, horns 2
a: Berserk, Trog's Hand, Renounce Religion


You were on level 3 of the Dungeon.
You worshipped Trog.
Trog was pleased with you.
You were not hungry.

You visited 1 branch of the dungeon, and saw 3 of its levels.

You collected 54 gold pieces.

Inventory:

Hand Weapons
 a - a +0 falchion
 o - a +4 trident of venom (weapon)
Armour
 b - a +0 animal skin (worn)
 j - a +0 ring mail
Jewellery
 h - a ring of see invisible (left hand)
Wands
 m - a wand of flame (20)
Scrolls
 k - a scroll of teleportation
 l - a scroll of remove curse
Potions
 e - a potion of heal wounds {unknown}
 f - 2 potions of flight {unknown}
 g - a potion of haste {unknown}
 i - a potion of resistance {unknown}
Comestibles
 c - 3 rations
 d - a chunk of flesh


   Skills:
 * Level 5.2 Fighting
 - Level 5.2 Long Blades
 - Level 2.4 Armour
 - Level 2.1 Dodging


You had 3 spell levels left.
You didn't know any spells.
Your spell library was empty.

Dungeon Overview and Level Annotations

Branches:
Dungeon (3/15)

Altars:


Innate Abilities, Weirdness & Mutations

You reflexively headbutt those who attack you in melee.
You have a pair of horns on your head.


Message History

There is a transporter here.
There is a transporter here.
You enter the transporter and appear at another place.
Found 19 arrows.
You can't go up here!
m - a wand of flame (20)
You open the door.
The electric eel shoots out a bolt of lightning at you!
The bolt of electricity hits the plant!
The bolt of electricity hits you!
There is an open door here.
The electric eel shoots out a bolt of lightning at you!
The bolt of electricity hits you!
* * * LOW HITPOINT WARNING * * *
The bolt of electricity hits the electric eel.
The electric eel completely resists.
The bolt of electricity hits the electric eel.
The electric eel completely resists.
The electric eel shoots out a bolt of lightning at you!
The bolt of electricity hits the plant.
The bolt of electricity hits you!
You die...

#. #(. #. #.. ##
#####..######### #
.......[....... #
############.# #
#≈≈≈≈≈≈;#P8#.## #
#≈≈≈≈P..#..#..## #
♣P.@'.©#©..#.# #
#≈P≈≈P..#..#.....#
#
#≈;≈≈≈≈;#P8#†#####
# ############.# #
.............# #
######.####.## #
#.####.## #
#.......# #
######..# #


You could see 3 electric eels.

Vanquished Creatures
  A worker ant (D:2)
  A hound skeleton (D:2)
  An adder (D:2)
  A worm (D:2)
  A dart slug (D:1)
  A leopard gecko (D:2)
  A bat skeleton (D:2)
  A giant cockroach (D:2)
  8 goblins
  7 hobgoblins
  4 kobolds
  A quokka (D:2)
  6 bats
  7 frilled lizards
  A giant cockroach zombie (D:2)
  A quokka zombie (D:2)
  5 rats
48 creatures vanquished.

Notes
Turn   | Place    | Note
-------+----------+-------------------------------------------
     0 | D:1      | Gazerockf the Minotaur Berserker began the quest for the
                  | Orb.
     0 | D:1      | Reached XP level 1. HP: 19/19 MP: 0/0
   111 | D:1      | Reached XP level 2. HP: 27/27 MP: 1/1
   804 | D:2      | Reached XP level 3. HP: 33/34 MP: 2/2
   879 | D:2      | Reached ** piety under Trog
  1102 | D:2      | Reached XP level 4. HP: 17/41 MP: 3/3
  1342 | D:2      | Reached skill level 5 in Fighting
  1342 | D:2      | Reached skill level 5 in Long Blades
  1587 | D:3      | Found a transporter.
  1604 | D:3      | Killed from afar by an electric eel

Skill      XL: |  1  2  3  4 |
---------------+-------------+-----
Fighting       | 4 5 |  5.2
Long Blades    | 4 5 |  5.2
Armour         | |  2.4
Dodging        | |  2.1

Action                   |  1- 3 |  4- 6 || total
-------------------------+-------+-------++-------
Melee: Falchion          |    79 |     4 ||    83
       Headbutt          |    16 |     2 ||    18
       Trident           |       |     3 ||     3
  Use: Scroll            |       |     7 ||     7
 Stab: Sleeping          |       |     2 ||     2
  Eat: Chunk             |       |     2 ||     2
Armor: Animal skin       |    10 |     1 ||    11
Dodge: Dodged            |    44 |       ||    44
       Rpst.: Falchion   |    11 |       ||    11
